 Dungeon Crawl Stone Soup version 0.30.1-11-g7821555f0a (webtiles) character file.

Game seed: 1990115560354095065

3535 fireball365 the Cleaver (level 10, -10/88 HPs)
             Began as a Hill Orc Fighter on Dec 9, 2023.
             Was an Initiate of Gozag.
             Mangled by a two-headed ogre
             ... wielding a +0 giant spiked club
              (30 damage)
             ... on level 8 of the Dungeon.
             The game lasted 00:14:39 (8268 turns).

fireball365 the Cleaver (Hill Orc Fighter)          Turns: 8268, Time: 00:14:40

Health: -10/88     AC: 16    Str: 24    XL:     10   Next: 8%
Magic:  10/10      EV: 11    Int:  8    God:    Gozag
Gold:   377        SH:  0    Dex: 16    Spells: 9/9 levels left

rFire   + . .        e - +0 battleaxe
rCold   x . .        (shield currently unavailable)
rNeg    . . .        b - +0 scale mail
rPois   .            A - +0 helmet
rElec   .            B - +1 cloak
rCorr   .            o - +0 pair of gloves
SInv    +            (no boots)
Will    .....        (no amulet)
Stlth   +            n - +6 ring of dexterity
HPRegen 0.34/turn    y - ring of fire
MPRegen 0.12/turn

%: no passive effects
@: no status effects
A: iridescent scales 1, see invisible, shaggy fur 1
a: Renounce Religion, Potion Petition, Call Merchant, Bribe Branch


You were on level 8 of the Dungeon.
You worshipped Gozag.
Gozag was aware of your devotion.
You visited 2 branches of the dungeon, and saw 9 of its levels.

You collected 605 gold pieces.
You spent 75 gold pieces at shops.
You paid 153 gold pieces to Gozag.

Inventory:

Hand Weapons
 a - a +0 war axe
 e - a +0 battleaxe (weapon)
Missiles
 l - 4 boomerangs (quivered)
Armour
 b - a +0 scale mail (worn)
 c - a +0 buckler
 o - a +0 pair of gloves (worn)
 A - a +0 helmet (worn)
 B - a +1 cloak (worn)
Jewellery
 n - a +6 ring of dexterity (left hand)
 t - a +6 ring of intelligence
 y - a ring of fire (right hand)
Scrolls
 g - a scroll of torment {unknown}
 h - a scroll of brand weapon
 i - a scroll of poison
 j - 2 scrolls of teleportation
 q - a scroll of magic mapping
 r - a scroll of vulnerability {unknown}
 s - a scroll of immolation
 w - a scroll of amnesia {unknown}
 C - a scroll of enchant weapon {unknown}
 D - a scroll of fog
Potions
 d - 2 potions of might
 f - 2 potions of curing
 m - a potion of cancellation
 p - 3 potions of degeneration
 u - a potion of magic {unknown}
 x - a potion of heal wounds
 z - a potion of brilliance {unknown}


   Skills:
 + Level 8.2 Fighting
 + Level 13.2 Axes
 + Level 0.1 Throwing
 + Level 7.6 Armour
 + Level 3.0 Dodging
 + Level 1.2 Stealth
 + Level 3.5 Shields


You had 9 spell levels left.
You didn't know any spells.
Your spell library contained the following spells:

 Spells                   Type           Power      Damage    Failure   Level
 Sting                    Tmut/Pois      0%         1d3       67%         1
 Cigotuvi's Dreadful Rot  Necr/Pois/Air  0%         N/A       82%         2
 Poisonous Vapours        Pois/Air       0%         N/A       82%         2
 Mephitic Cloud           Conj/Pois/Air  0%         N/A       96%         3
 Ozocubu's Armour         Ice            0%         N/A       96%         3
 Spider Form              Tmut/Pois      0%         N/A       96%         3
 Stone Arrow              Conj/Erth      0%         3d7       96%         3
 Animate Armour           Summ/Erth      0%         N/A       100%        4
 Freezing Cloud           Conj/Ice/Air   0%         6-21      100%        5
 Metabolic Englaciation   Hex/Ice        0%         N/A       100%        5
 Ignition                 Fire           0%         3d3       100%        8
 Lehudib's Crystal Spear  Conj/Erth      0%         10d2      100%        8
 Simulacrum               Ice/Necr       Unusable   N/A       N/A         6

Dungeon Overview and Level Annotations

Branches:
Dungeon (8/15)             Temple (1/1) D:7
   Lair: D:8-11

Altars:
Ashenzari
Dithmenos
Elyvilon
Fedhas
Gozag
Sif Muna
Trog
Uskayaw
Vehumet
Wu Jian
Xom
Zin

Shops:
D:3 [   D:4 *!


Innate Abilities, Weirdness & Mutations

You are partially covered in iridescent scales. (AC +2)
You have supernaturally acute eyesight. (SInv)
You are covered in fur. (AC +1)


Message History

There is a stone staircase leading down here.
A sky beast comes into view.
The sky beast flickers out of sight for a moment.
The sky beast hits you. The sky beast shocks you.
You hit the sky beast.
The sky beast is lightly wounded.
The sky beast hits you but does no damage.
You closely miss the sky beast.
The sky beast is lightly wounded.
The sky beast closely misses you.
The sky beast hits you but does no damage.
You slice the sky beast!!
You kill the sky beast!
You now have 377 gold pieces (gained 19).
Found a stone staircase leading down.
A two-headed ogre comes into view.
It is wielding a +0 giant spiked club and a +0 dire flail.
The two-headed ogre shouts in stereo!
The two-headed ogre closely misses you.
The two-headed ogre hits you with a +0 dire flail.
You slice the two-headed ogre!!
The two-headed ogre is moderately wounded.
You hit the two-headed ogre but do no damage.
The two-headed ogre is moderately wounded.
The two-headed ogre hits you with a +0 giant spiked club!!
The two-headed ogre hits you with a +0 dire flail.
You barely miss the two-headed ogre.
The two-headed ogre is moderately wounded.
The two-headed ogre hits you with a +0 giant spiked club!!
The two-headed ogre hits you with a +0 dire flail!
* * * LOW HITPOINT WARNING * * *
You hit the two-headed ogre.
The two-headed ogre is heavily wounded.
The two-headed ogre barely misses you. The two-headed ogre misses you.
You slash the two-headed ogre!
The two-headed ogre is heavily wounded.
You slice the two-headed ogre!!
The two-headed ogre is almost dead.
The two-headed ogre hits you with a +0 giant spiked club!!
You die...
Your body crumbles into a pile of gold.

....## ## ..... #..
.... ##+# #.# ...
#...# #.# .. .....#
#.# .# ......##.###.#
.........#...@.#
............#O.......
............#...#.###
#.......#..###...>#
#.....#...# ...##
#...##..## #..#
#......# ... #.#...##
#..# #.#...#


You could see a two-headed ogre.

Vanquished Creatures
  Pikel (D:5)
  The ghost of MDMotsinger the Ruffian, a novice DrTm of Vehumet (D:4)
  The ghost of Jingleheimer the Chiller, a novice OpTm (D:6)
  A slime creature (D:8)
  A wyvern (D:8)
  Menkaure (D:7)
  2 sky beasts
  4 black bears
  2 ice beasts (D:6)
  An ogre (D:7)
  3 phantoms
  Blork the orc (D:4)
  2 bullfrogs
  A scorpion (D:4)
  A wyvern skeleton (D:4)
  3 howler monkeys (D:7)
  A centaur zombie (D:4)
  A jelly (D:5)
  3 hounds
  2 bullfrog skeletons (D:4)
  An orc priest (D:7)
  2 iguanas
  2 sleepcaps
  2 orc wizards
  12 adders
  2 shadow imps
  7 white imps
  A howler monkey simulacrum (D:6)
  2 ufetubi (D:6)
  A worm (D:3)
  3 dart slugs
  11 orcs
  3 bats
  5 endoplasms
  A giant cockroach (D:2)
  8 goblins
  10 hobgoblins
  8 kobolds
  3 quokkas
  2 ball pythons
  4 frilled lizards
  5 rats
128 creatures vanquished.

Notes
Turn   | Place    | Note
-------+----------+-------------------------------------------
     0 | D:1      | fireball365 the Hill Orc Fighter began the quest for the
                  | Orb.
     0 | D:1      | Reached XP level 1. HP: 19/19 MP: 1/1
   160 | D:1      | Reached XP level 2. HP: 27/27 MP: 2/2
   312 | D:1      | Reached skill level 3 in Axes
   891 | D:2      | Reached XP level 3. HP: 30/33 MP: 3/3
  1013 | D:2      | Found a shimmering altar of Xom.
  1255 | D:2      | Found a faded altar of an unknown god.
  1613 | D:3      | Found Vagicw's Armour Boutique.
  1694 | D:3      | Reached skill level 1 in Dodging
  1694 | D:3      | Reached XP level 4. HP: 19/40 MP: 4/4
  2077 | D:3      | Found a radiant altar of Vehumet.
  2078 | D:3      | Found a blossoming altar of Fedhas.
  2193 | D:3      | Reached skill level 4 in Axes
  2721 | D:4      | Noticed Blork the orc
  2817 | D:4      | Noticed a scorpion
  2822 | D:4      | Killed a scorpion
  2823 | D:4      | Reached XP level 5. HP: 37/47 MP: 5/5
  2914 | D:4      | Found Lagoun's Distillery.
  2924 | D:4      | Bought a potion of curing for 30 gold pieces
  2992 | D:4      | Killed Blork the orc
  2993 | D:4      | Reached skill level 5 in Axes
  2993 | D:4      | Reached XP level 6. HP: 38/55 MP: 6/6
  3105 | D:4      | Reached skill level 5 in Fighting
  3109 | D:4      | Found a runed translucent gate.
  3114 | D:4      | Found a runed translucent gate.
  3114 | D:4      | Found a runed translucent gate.
  3116 | D:4      | Noticed MDMotsinger's ghost (novice DrTm)
  3174 | D:4      | Found Ioygefu's Incredible Inventory.
  3758 | D:3      | Bought a +0 pair of gloves for 45 gold pieces
  4111 | D:5      | Entered Level 5 of the Dungeon
  4217 | D:5      | Found a broken altar of Ashenzari.
  4335 | D:5      | Found a white marble altar of Elyvilon.
  4335 | D:5      | Noticed Pikel
  4345 | D:5      | Reached skill level 6 in Axes
  4349 | D:5      | Killed Pikel
  4350 | D:5      | Reached skill level 7 in Axes
  4350 | D:5      | Reached skill level 5 in Armour
  4350 | D:5      | Reached XP level 7. HP: 12/63 MP: 7/7
  4368 | D:5      | Reached XP level 8. HP: 11/70 MP: 8/8
  4373 | D:5      | Reached skill level 8 in Axes
  4672 | D:5      | Found a shadowy altar of Dithmenos.
  4857 | D:5      | Found a broken altar of Ashenzari.
  4960 | D:5      | Gained mutation: You are partially covered in iridescent
                  | scales. (AC +2) [potion of mutation]
  4960 | D:5      | Gained mutation: You have supernaturally acute eyesight.
                  | (SInv) [potion of mutation]
  4960 | D:5      | Gained mutation: You are covered in fur. (AC +1) [potion of
                  | mutation]
  5322 | D:6      | Noticed Jingleheimer's ghost (novice OpTm)
  5498 | D:6      | Found a runed translucent gate.
  5498 | D:6      | Found a runed translucent gate.
  5498 | D:6      | Found a runed translucent gate.
  5537 | D:6      | Reached skill level 9 in Axes
  5761 | D:6      | Reached skill level 10 in Axes
  5865 | D:6      | Got the Lectures on Tropical Putridity
  6350 | D:6      | Reached XP level 9. HP: 57/78 MP: 9/9
  6358 | D:6      | Killed Jingleheimer's ghost
  6367 | D:6      | Reached skill level 11 in Axes
  6686 | D:4      | Killed MDMotsinger's ghost
  6901 | D:7      | Found a staircase to the Ecumenical Temple.
  6915 | D:7      | Reached skill level 12 in Axes
  6931 | Temple   | Entered the Ecumenical Temple
  6949 | Temple   | Became a worshipper of Gozag Ym Sagoz the Greedy
  7415 | D:7      | Noticed Menkaure
  7433 | D:7      | Killed Menkaure
  7434 | D:7      | Reached skill level 1 in Stealth
  8094 | D:8      | Reached XP level 10. HP: 74/88 MP: 10/10
  8169 | D:8      | Reached skill level 13 in Axes
  8261 | D:8      | Noticed a two-headed ogre
  8268 | D:8      | Mangled by a two-headed ogre

Illustrated notes

Levels and vault maps discovered:
D:1:      lightli_arrival_boilingwater, layout_loops_ring
D:2:      layout_rooms, basic_altar, shapermc_ecumenical_altar_acropolis,
          minmay_tripent
D:3:      layout_loops_corners, gammafunk_temple_overflow_pools, serial_shops,
          nicolae_shop_rolling_square
D:4:      layout_rooms, serial_shops, shop, gammafunk_ghost_necromancy,
          portal_sewer_entry_d, nicolae_alphabet_shops, uniq_blork_the_orc
D:5:      layout_loops_cross, ashenzari_conservatory_becter,
          kennysheep_mini_moat, hangedman_feature_mirror, uniq_pikel
D:6:      layout_loops_corners, gammafunk_ghost_icy
D:7:      layout_loops_cross, minmay_temple_entry_statues, lemuel_flame_loot_1,
          uniq_menkaure
D:8:      minmay_diamond_stairs, layout_loops_corners,
          nicolae_ru_great_annihilating_truth, lair_entry_dummy
Temple:   nicolae_temple_bog_church

Skill      XL: |  1  2  3  4  5  6  7  8  9 10 |
---------------+-------------------------------+-----
Axes           | 3 4 5 7 10 12 13 | 13.2
Fighting       | 4 6 8 |  8.2
Dodging        | 1 2 3 |  3.0
Armour         | 4 5 6 7 |  7.6
Stealth        | 1 |  1.2
Throwing       | |  0.1
Shields        | |  3.5

Action                     |  1- 3 |  4- 6 |  7- 9 | 10-12 || total
---------------------------+-------+-------+-------+-------++-------
  Melee: Battleaxe         |   131 |   113 |   254 |    18 ||   516
         War axe           |     7 |       |       |       ||     7
  Throw: Boomerang         |       |     2 |       |       ||     2
    Use: Scroll            |     2 |     7 |     4 |       ||    13
         Potion            |       |       |     8 |       ||     8
   Stab: Distracted        |       |       |     1 |       ||     1
 Armour: Scale mail        |   143 |    51 |   166 |     6 ||   366
  Dodge: Dodged            |   132 |    73 |   162 |     6 ||   373
  Block: Buckler           |     1 |       |       |       ||     1
